 Dungeon Crawl Stone Soup version 0.27-a0-1278-g6cbc8dfb29 (webtiles) character file.

Game seed: 2071567259492357271

78614 wakim the Bludgeoner (level 15, -3/162 HPs)
             Began as an Ogre Berserker on June 12, 2021.
             Was a High Priest of Trog.
             Slain by a white ugly thing (32 damage)
             ... on level 13 of the Dungeon.
             The game lasted 01:07:48 (30621 turns).

wakim the Bludgeoner (Ogre Berserker)              Turns: 30621, Time: 01:07:48

Health: -3/162     AC: 11    Str: 29    XL:     15   Next: 60%
Magic:  15/15      EV: 14    Int:  8    God:    Trog [*****.]
Gold:   1307       SH:  0    Dex: 12    Spells: 14/14 levels left

rFire    . . .     SeeInvis +   a - +4 dire flail (freeze)
rCold    . . .     Faith    .   (shield currently unavailable)
rNeg     . . .     Spirit   .   l - +0 acid dragon scales
rPois    .         Reflect  .   i - +0 hat
rElec    .         Harm     .   t - +2 cloak {rCorr}
rCorr    +         Rampage  .   (gloves unavailable)
Will     ++++.                  (boots unavailable)
Stlth    +.........             P - amulet of regeneration
HPRegen  2.37/turn              g - ring of willpower
MPRegen  0.14/turn              K - ring of Liberty {Wiz Dex+3 SInv}

@: strong-willed, regenerating
A: large, unfitting armour, tough skin 1
a: Renounce Religion, Berserk, Trog's Hand, Brothers in Arms


You were on level 13 of the Dungeon.
You worshipped Trog.
Trog was extremely pleased with you.
You visited 3 branches of the dungeon, and saw 21 of its levels.
You visited 1 bazaar.
You also visited: Bailey and Gauntlet.

You collected 1608 gold pieces.
You spent 301 gold pieces at shops.

Inventory:

Hand Weapons
 a - a +4 dire flail of freezing (weapon)
 b - a +0 giant spiked club
Missiles
 k - 16 large rocks {=f}
 s - 9 javelins
 z - a throwing net {=f!f}
 A - 9 curare-tipped darts {=f}
 D - 84 boomerangs (quivered)
 S - 15 silver javelins
Armour
 i - a +0 hat (worn)
 l - +0 acid dragon scales (worn)
 t - a +2 cloak of preservation (worn)
Jewellery
 c - a ring of ice
 f - the ring "Fizxuby" {Fire rCorr Str+2 Dex-4}
   (You found it on level 9 of the Dungeon)

   [ring of fire]

   It enhances your fire magic.
   It affects your strength (+2).
   It affects your dexterity (-4).
   It protects you from fire.
   It makes you vulnerable to cold.
   It protects you from acid and corrosion.
 g - a ring of willpower (left hand)
 j - the ring "Feikoqaem" {Wiz rN+}
   (You found it in a Gauntlet)

   [ring of wizardry]

   It improves your spell success rate.
   It protects you from negative energy.
 K - the ring of Liberty (right hand) {Wiz Dex+3 SInv}
   (You found it in a Gauntlet)

   [ring of wizardry]

   It improves your spell success rate.
   It affects your dexterity (+3).
   It lets you see invisible.
 P - an amulet of regeneration (around neck)
Wands
 p - a wand of charming (6)
 q - a wand of flame (60)
 u - a wand of mindburst (28)
 w - a wand of acid (30)
 x - a wand of iceblast (30)
 y - a wand of paralysis (7)
Scrolls
 d - a scroll of summoning {unknown}
 e - 3 scrolls of enchant weapon
 m - 2 scrolls of enchant armour
 n - a scroll of brand weapon
 r - 5 scrolls of identify
 T - 7 scrolls of teleportation
 U - a scroll of fear
 X - 3 scrolls of fog
 Y - 5 scrolls of blinking {!r}
Potions
 h - a potion of magic {unknown}
 B - 4 potions of attraction {!q}
 C - 3 potions of berserk rage {!q}
 E - 2 potions of cancellation
 F - 4 potions of curing
 G - 8 potions of flight
 H - a potion of haste
 I - a potion of invisibility
 J - 4 potions of heal wounds
 L - 3 potions of lignification {!q}
 N - 2 potions of might
 O - 2 potions of resistance
Miscellaneous
 v - a lightning rod (4/4)


   Skills:
 + Level 13.9 Fighting
 * Level 17.7 Maces & Flails
 + Level 10.7 Throwing
 - Level 5.0 Armour
 + Level 12.0 Dodging


You had 14 spell levels left.
You didn't know any spells.
Your spell library was empty.

Dungeon Overview and Level Annotations

Branches:
Dungeon (14/15)            Temple (1/1) D:5            Lair (6/6) D:10
 Shoals (0/4) Lair:2        Snake (0/4) Lair:2        Slime (0/5) Lair:5
    Orc (0/2) D:12         Vaults (0/5) D:13         Bailey (visited)
Gauntlet (visited)

Altars:
Ashenzari
Cheibriados
Dithmenos
Elyvilon
Fedhas
Gozag
Hepliaklqana
Kikubaaqudgha
Makhleb
Nemelex Xobeh
Okawaru
Qazlal
Ru
Sif Muna
Trog
Uskayaw
Vehumet
Wu Jian
Xom
Yredelemnul
Zin
The Shining One
Jiyva

Shops:
D:7 ?   D:8 *([   D:9 *   D:10 !(:?(

Annotations:
D:3 fire


Innate Abilities, Weirdness & Mutations

You are too large for most types of armour.
You have tough skin. (AC +1)


Message History

You sock the red ugly thing! You freeze the red ugly thing.
The red ugly thing is heavily wounded.
You impale the red ugly thing!! You freeze the red ugly thing.
The red ugly thing is almost dead.
The red ugly thing completely misses you.
You closely miss the red ugly thing.
The red ugly thing is almost dead.
The red ugly thing misses you.
You hit the red ugly thing. You freeze the red ugly thing.
The red ugly thing is almost dead.
The red ugly thing tail-slaps you!
You are engulfed in flames!!
The red ugly thing misses you.
You barely miss the red ugly thing.
The red ugly thing is almost dead.
The white ugly thing kicks you! The white ugly thing freezes you!!
The red ugly thing tail-slaps you but does no damage.
You perforate the red ugly thing like a sieve!!!
You freeze the red ugly thing.
You kill the red ugly thing!
Trog accepts your kill.
The red ugly thing completely misses you.
The white ugly thing kicks you. The white ugly thing freezes you!!
* * * LOW HITPOINT WARNING * * *
The red ugly thing bites you.
* * * LOW HITPOINT WARNING * * *
You are engulfed in flames!!
* * * LOW HITPOINT WARNING * * *
The white ugly thing kicks you but does no damage.
You climb upwards.
There is a stone staircase leading down here.
Your skin crawls.
You feel strong-willed. The red ugly thing bites you.
* * * LOW HITPOINT WARNING * * *
You are engulfed in flames!!
* * * LOW HITPOINT WARNING * * *
The white ugly thing kicks you.
* * * LOW HITPOINT WARNING * * *
The white ugly thing freezes you!!
You die...

#.# #.# ###.....### #.#
#.# #.........### #.# #.#
#............ #.# #.#
#............ #.# #.#
##≈≈≈......... #.#
#.###≈.≈.≈#....... #.#
#.##.≈≈∩≈≈#....... #.#
#u...≈.≈.≈........ #.#
#@u...≈§≈)........
####.####.................
#...................[[....
##########........#######.
#...<....###...'.
#..........#...#.
#........#####'#.
#............#.#.
#........###.#.#.


You could see 2 ugly things.

Vanquished Creatures
  Gastronok (Lair:2)
  A quicksilver ooze (Gauntlet)
  The ghost of Xotacaen the Fighter, a journeyman DjIE of Makhleb (D:12)
  A minotaur (Gauntlet)
  Snorg (Lair:6)
  2 boulder beetles
  6 hydras
  5 catoblepae
  2 centaur warriors (D:13)
  Erica (Lair:2)
  3 two-headed ogres
  11 death yaks
  Urug (Lair:4)
  Sonja (Lair:6)
  Nergalle (Lair:2)
  The ghost of sn0wgr3 the Skirmisher, a novice GrFi of Okawaru (D:7)
  A lindwurm (Lair:6)
  A deep elf zephyrmancer (D:13)
  A necromancer (D:13)
  A deep elf pyromancer (D:12)
  6 ugly things
  5 manticores
  4 cyclopes
  4 oklob plants
  A worldbinder (Gauntlet)
  3 black mambas
  11 elephants
  A merfolk siren (Lair:2)
  Joseph (D:9)
  A torpor snail (Lair:3)
  7 cane toads
  11 komodo dragons
  6 rime drakes
  A minotaur zombie (Gauntlet)
  3 kobold demonologists (D:11)
  A freezing wraith (D:13)
  A hornet (D:8)
  2 polar bears
  6 trolls
  11 blink frogs
  A blink frog (shapeshifter) (D:13)
  Grinder (D:3)
  6 dream sheep (Lair:4)
  11 flying skulls (Gauntlet)
  2 shadows (D:11)
  2 wraiths
  79 yaks
  7 wyverns
  4 basilisks
  Edmund (D:5)
  3 vampire mosquitoes (D:12)
  Menkaure (D:5)
  4 nagas (Lair:2)
  13 water moccasins
  4 acid dragons
  Duvessa (D:7)
  4 orc warriors (Bailey)
  5 black bears
  A boggart (Gauntlet)
  8 centaurs
  2 necrophages
  4 wolves (Lair:3)
  7 ogres
  2 phantoms (D:6)
  4 kobold brigands
  Blork the orc (D:6)
  A gnoll sergeant (D:8)
  16 bullfrogs
  A water moccasin zombie (D:6)
  Dowan (D:7)
  2 water moccasin skeletons
  3 killer bees (D:10)
  3 wights (D:9)
  4 howler monkeys
  A bullfrog zombie (D:5)
  4 quasits (D:7)
  2 centaur zombies
  A hound (D:7)
  A bullfrog skeleton (D:5)
  A gnoll shaman (D:7)
  3 jellies
  3 orc priests
  3 centaur skeletons
  An iguana (D:6)
  6 orc wizards
  A hound zombie (D:5)
  A hound skeleton (D:4)
  17 gnolls
  2 howler monkey skeletons
  4 adders
  A shadow imp (D:7)
  A dart slug (D:4)
  44 orcs
  3 ball pythons
  4 endoplasms
  2 giant cockroaches
  13 goblins
  8 hobgoblins
  8 jackals
  3 quokkas
  2 bats
  4 frilled lizards
  29 kobolds
  3 rats
514 creatures vanquished.

Vanquished Creatures (others)
  A ball python (D:3)
  23 fungi
  57 plants
  A withered plant (Gauntlet)
82 creatures vanquished.

Grand Total: 596 creatures vanquished

Notes
Turn   | Place    | Note
-------+----------+-------------------------------------------
     0 | D:1      | wakim the Ogre Berserker began the quest for the Orb.
     0 | D:1      | Reached XP level 1. HP: 24/24 MP: 1/1
   513 | D:1      | Reached skill level 3 in Maces & Flails
   518 | D:1      | Reached XP level 2. HP: 30/32 MP: 2/2
  1262 | D:2      | Reached XP level 3. HP: 33/39 MP: 3/3
  1617 | D:2      | Found a faded altar of an unknown god.
  2150 | D:3      | Reached ** piety under Trog
  2421 | D:3      | Noticed Grinder
  2451 | D:3      | Paralysed by Grinder for 3 turns
  2459 | D:3      | HP: 1/39 [Grinder (5)]
  2477 | D:3      | Paralysed by Grinder for 6 turns
  2487 | D:3      | Killed Grinder
  2488 | D:3      | Reached skill level 5 in Maces & Flails
  2488 | D:3      | Reached XP level 4. HP: 22/48 MP: 4/4
  2488 | D:3      | Reached XP level 5. HP: 25/54 MP: 5/5
  2488 | D:3      | Reached XP level 6. HP: 28/62 MP: 6/6
  3681 | D:4      | Identified the +4 mace "Hydraslayer" {flame, +Rage rCorr
                  | Dex+3}
  4239 | D:4      | Reached skill level 6 in Maces & Flails
  4239 | D:4      | Reached XP level 7. HP: 50/70 MP: 7/7
  4439 | D:4      | Found a glowing silver altar of Zin.
  4442 | D:4      | Found a burning altar of Makhleb.
  4442 | D:4      | Found an ancient bone altar of Kikubaaqudgha.
  4444 | D:4      | Found a white marble altar of Elyvilon.
  4444 | D:4      | Found a bloodstained altar of Trog.
  4446 | D:4      | Found an opulent altar of Gozag.
  4446 | D:4      | Found a shadowy altar of Dithmenos.
  4447 | D:4      | Found a broken altar of Ashenzari.
  4642 | D:4      | Found a sparkling altar of Nemelex Xobeh.
  4673 | D:5      | Entered Level 5 of the Dungeon
  4790 | D:4      | Identified a scroll of acquirement
  4790 | D:4      | Acquired a manual of Maces & Flails
  4996 | D:5      | Found a staircase to the Ecumenical Temple.
  5026 | Temple   | Entered the Ecumenical Temple
  5061 | D:5      | Reached skill level 5 in Dodging
  5116 | D:5      | Noticed Menkaure
  5138 | D:4      | Reached skill level 7 in Maces & Flails
  5271 | D:5      | Noticed a wyvern
  5286 | D:5      | Killed a wyvern
  5287 | D:5      | Reached XP level 8. HP: 32/78 MP: 8/8
  5512 | D:5      | Reached skill level 8 in Maces & Flails
  5715 | D:5      | Killed Menkaure
  5716 | D:5      | Reached skill level 9 in Maces & Flails
  6002 | D:5      | Noticed Edmund
  6046 | D:5      | Killed Edmund
  6137 | D:5      | Reached skill level 10 in Maces & Flails
  6548 | D:6      | Reached XP level 9. HP: 50/84 MP: 9/9
  6910 | D:6      | Noticed Blork the orc
  6924 | D:6      | Killed Blork the orc
  6925 | D:6      | Reached skill level 11 in Maces & Flails
  8198 | D:7      | Found Ynop's Magic Scroll Boutique.
  8224 | D:7      | You fall into a shaft and drop 2 floors!
  8230 | D:9      | Found Jysmeera's Assorted Antiques.
  8419 | D:7      | Reached skill level 12 in Maces & Flails
  8446 | D:7      | Found a flagged portal.
  8472 | D:7      | Reached *** piety under Trog
  8485 | Bailey   | Entered a bailey
  9017 | Bailey   | Reached skill level 1 in Throwing
  9361 | D:7      | Noticed Dowan
  9364 | D:7      | Noticed Duvessa
  9372 | D:7      | Killed Duvessa
  9373 | D:7      | Reached skill level 5 in Fighting
  9373 | D:7      | Reached XP level 10. HP: 80/96 MP: 10/10
  9376 | D:7      | Killed Dowan
  9558 | D:7      | Found an ornate altar of the Wu Jian Council.
  9691 | D:7      | Noticed sn0wgr3's ghost (novice GrFi)
  9698 | D:7      | Found a transporter.
  9715 | D:7      | Found a transporter.
  9938 | D:7      | Reached skill level 13 in Maces & Flails
  9945 | D:7      | Killed sn0wgr3's ghost
 10159 | D:8      | Found Beuqikh's General Store.
 10312 | D:8      | Found Lugysei's Antique Armour Shop.
 11106 | D:8      | Found Ufidemn's Antique Weapon Shop.
 11444 | D:9      | Identified the ring "Fizxuby" {Fire rCorr Str+2 Dex-4}
 11491 | D:9      | Noticed a brown ugly thing
 11517 | D:9      | Killed a brown ugly thing
 11834 | D:9      | Reached **** piety under Trog
 12457 | D:9      | Noticed Joseph
 12469 | D:9      | Killed Joseph
 12529 | D:10     | Entered Level 10 of the Dungeon
 12649 | D:10     | Found Hosuvula's Magic Scroll Emporium.
 12787 | D:10     | Noticed a death yak
 12787 | D:10     | Noticed a death yak
 12865 | D:10     | Found Tautynn's Antique Weapon Boutique.
 13006 | D:10     | Found a staircase to the Lair.
 13068 | D:10     | Found Otallaph's Book Shop.
 13254 | D:10     | Found Reulel Zuno's Antique Weapon Shop.
 13282 | D:10     | Reached XP level 11. HP: 88/109 MP: 11/11
 13395 | D:10     | Noticed a death yak
 13416 | D:10     | Reached skill level 14 in Maces & Flails
 13424 | D:10     | Killed a death yak
 13547 | D:10     | Killed a death yak
 13548 | D:10     | Reached skill level 5 in Throwing
 13560 | D:10     | Killed a death yak
 14191 | D:10     | Found Faudwid's Distillery.
 14216 | D:11     | Noticed a boulder beetle
 14239 | D:10     | Killed a boulder beetle
 14322 | D:11     | Noticed a cyclops
 14570 | D:11     | Killed a cyclops
 14571 | D:11     | Reached skill level 1 in Armour
 14911 | Lair:1   | Entered Level 1 of the Lair of Beasts
 15992 | Lair:1   | Identified the +5 war axe "Orb Guardian's Curse" {drain,
                  | Dex+2}
 16307 | Lair:2   | Reached XP level 12. HP: 123/123 MP: 12/12
 16650 | Lair:2   | Noticed Nergalle
 16654 | Lair:2   | Noticed Erica
 16665 | Lair:2   | Killed Nergalle
 16673 | Lair:2   | Killed Erica
 16730 | Lair:2   | Found a staircase to the Snake Pit.
 16748 | Lair:2   | Reached skill level 15 in Maces & Flails
 16976 | Lair:2   | Noticed Gastronok
 16984 | Lair:2   | Killed Gastronok
 17017 | Lair:2   | Found an ornate altar of the Wu Jian Council.
 17209 | Lair:2   | Found a stormy altar of Qazlal.
 17225 | Lair:2   | Reached skill level 10 in Fighting
 17983 | Lair:2   | Found a staircase to the Shoals.
 19042 | Lair:3   | Reached skill level 10 in Dodging
 19042 | Lair:3   | Reached XP level 13. HP: 126/135 MP: 13/13
 19464 | Lair:4   | HP: 3/135 [blink frog (11)]
 19814 | Lair:4   | Noticed Urug
 19835 | Lair:4   | Killed Urug
 21005 | Lair:5   | Found a gate leading to a gauntlet.
 21038 | Gauntlet | Entered a Gauntlet
 21038 | Gauntlet | Found a transporter.
 21038 | Gauntlet | Found a transporter.
 21050 | Gauntlet | Found a transporter.
 21068 | Gauntlet | Found a transporter.
 21068 | Gauntlet | Found a transporter.
 21068 | Gauntlet | Found a transporter.
 21070 | Gauntlet | Found a transporter.
 21070 | Gauntlet | Found a transporter.
 21072 | Gauntlet | Noticed a quicksilver ooze
 21082 | Gauntlet | Found a transporter.
 21096 | Gauntlet | Noticed a balrug
 21098 | Gauntlet | Found a transporter.
 21108 | Gauntlet | Found a transporter.
 21112 | Gauntlet | Noticed a reaper
 21113 | Gauntlet | Found a transporter.
 21147 | Gauntlet | Found a transporter.
 21170 | Gauntlet | Found a runed translucent door.
 21170 | Gauntlet | Found a runed translucent door.
 21176 | Gauntlet | Found a transporter.
 21380 | Gauntlet | Identified the ring "Feikoqaem" {Wiz rN+}
 21404 | Gauntlet | Killed a quicksilver ooze
 21426 | Gauntlet | Identified the ring of Liberty {Wiz Dex+3 SInv}
 21485 | Gauntlet | Reached skill level 5 in Armour
 21508 | Gauntlet | Reached skill level 16 in Maces & Flails
 21515 | Gauntlet | Identified the Almanac of Bewitching Intoxication
 21516 | Gauntlet | Identified the +0 cloak of the Blind Marksman {+Inv Dex+2}
 21767 | Gauntlet | Identified the +10 demon trident of the Equinox {elec,
                  | Str+5 Dex+4}
 21767 | Gauntlet | Identified the +11 shortbow of the Blind Eye {vorpal, Str+3
                  | Dex+4 Stlth+}
 21767 | Gauntlet | Noticed a minotaur
 21778 | Gauntlet | Killed a minotaur
 21785 | Gauntlet | Identified the +2 leather armour of Parlour Games {rCorr}
 21785 | Gauntlet | Identified the Tome of Shape Shifting
 21785 | Gauntlet | Identified the +1 leather armour "Juipse" {rCorr}
 22060 | Lair:5   | Found a runed translucent door.
 22061 | Lair:5   | Found a viscous altar of Jiyva.
 22411 | Lair:5   | Found a staircase to the Slime Pits.
 22539 | Lair:5   | Reached XP level 14. HP: 87/148 MP: 14/14
 23182 | Lair:6   | Entered Level 6 of the Lair of Beasts
 23217 | Lair:6   | Noticed Sonja
 23233 | Lair:6   | Killed Sonja
 24080 | Lair:6   | Identified the +11 quarterstaff of the Harvest {vorpal,
                  | MP-9 Int+6 Dex+2}
 24108 | Lair:6   | Identified the +9 plate armour of Pride {+Inv Regen+ SInv
                  | Stlth-}
 25559 | Lair:6   | Noticed Snorg
 25576 | Lair:6   | Killed Snorg
 25807 | Lair:6   | Reached skill level 17 in Maces & Flails
 26556 | Lair:6   | Reached skill level 10 in Throwing
 26939 | D:11     | Reached XP level 15. HP: 153/159 MP: 15/15
 27925 | D:12     | Found a runed translucent door.
 27927 | D:12     | Noticed Xotacaen's ghost (journeyman DjIE)
 28546 | D:12     | Found a staircase to the Orcish Mines.
 28724 | D:12     | Killed Xotacaen's ghost
 28726 | D:12     | Identified the +10 plate armour of Dizir {-Tele Str+3 Int+7
                  | Stlth+}
 29436 | D:13     | Found a flickering gateway to a bazaar.
 29454 | D:13     | Found a gate to the Vaults.
 29462 | D:13     | Reached ***** piety under Trog
 29500 | Bazaar   | Entered a bazaar
 29514 | Bazaar   | Found Ciwkuj's Armour Emporium.
 29530 | Bazaar   | Found Lyjyargho's Weapon Emporium.
 29530 | Bazaar   | Found Keceeff's Antique Armour Shoppe.
 29552 | Bazaar   | Found Plog's Weapon Emporium.
 29552 | Bazaar   | Found Heezufale's Assorted Antiques.
 29574 | Bazaar   | Found Peonwo's General Store.
 29610 | Bazaar   | Bought a scroll of teleportation for 48 gold pieces
 29610 | Bazaar   | Bought a scroll of blinking for 120 gold pieces
 29657 | Bazaar   | Bought a runed dire flail for 133 gold pieces
 30329 | D:13     | Identified the +11 rapier "Jemomyu" {vorpal, rC+ Int+3}
 30621 | D:13     | Slain by a white ugly thing

Illustrated notes

Levels and vault maps discovered:
D:1:      evilmike_arrival_crescent, layout_basic, serial_forest,
          infiniplex_forest_lined_3_way, infiniplex_forest_end_2,
          infiniplex_forest_straight_5, infiniplex_forest_clump_double,
          infiniplex_forest_zigzag_1, infiniplex_forest_clump_C
D:2:      layout_loops_ring, basic_ecumenical_altar
D:3:      layout_loops_cross, lemuel_flame_loot_1, uniq_grinder
D:4:      layout_loops_cross, grunt_temple_overflow_open,
          nemelex_diamond_rough_becter, corexii_item_surrounded_by_moat
D:5:      layout_layer_cave, minmay_temple_entry_antechambers, uniq_edmund,
          uniq_menkaure
D:6:      layout_basic, hangedman_abyss_or_decor_stabs, sigmund_army,
          uniq_blork_the_orc
D:7:      layout_basic, nicolae_overflow_hidden_temple,
          gammafunk_ghost_stat_death, serial_shops, nicolae_shop_statue_plus,
          enter_bailey_5, uniq_duvessa
D:8:      layout_gridville, serial_shops, nicolae_shop_stone, shop,
          nicolae_shop_trees
D:9:      layout_loops_corners, serial_shops, shop, special_room
          [special_room_orc], hangedman_abyss_or_decor_passed,
          hangedman_decor_growths, uniq_joseph
D:10:     layout_irregular_city, dpeg_lair_monsters, serial_shops,
          kennysheep_mini, shop, nicolae_shop_waterfront, shop,
          kennysheep_little_box
D:11:     layout_long_grid, minivault_12
D:12:     nzn_motion_control, layout_basic, ebering_ghost_inner_flame
D:13:     layout_basic, david_vaults_1, serial_shops, bzr_entry_water
D:14:     layout_irregular_city, solitary_fountain
Temple:   nicolae_temple_no_exploring_needed
Lair:1:   layout_cave_pods, beast_lair_carwin_2, infiniplex_staircase_pool,
          grunt_megastairs_3
Lair:2:   layout_regular_city, elwin_shoals_entry_rooms,
          guppyfry_snake_entry_garden, basic_altar, serial_bayou_pond_b,
          lemuel_oklob_altar, uniq_nergalle, uniq_gastronok, uniq_erica
Lair:3:   layout_cave_pods, serial_bayou_crossing, lemuel_fruit_tree
Lair:4:   layout_cellular_growth, grunt_megastairs_4, uniq_urug
Lair:5:   layout_small_grid, slime_altar_2, gauntlet_entry_generic,
          eino_small_chamber_without_monster, serial_bayou_pond_b
Lair:6:   evilmike_catoblepas_cave, layout_cellular_growth,
          minmay_lair_drake_nest, minmay_lair_oklob_chamber, uniq_snorg,
          uniq_sonja

Skill      XL: |  1  2  3  4  5  6  7  8  9 10 11 12 13 14 15 |
---------------+----------------------------------------------+-----
Maces & Flails | 3 5 6 7 10 12 13 14 15 16 17 | 17.7
Dodging        | 3 4 5 6 7 8 9 10 11 12 | 12.0
Throwing       | 1 4 6 7 8 10 | 10.7
Fighting       | 5 7 9 10 11 13 | 13.9
Armour         | 2 4 5 |  5.0

Action                   |  1- 3 |  4- 6 |  7- 9 | 10-12 | 13-15 || total
-------------------------+-------+-------+-------+-------+-------++-------
Melee: Mace              |    91 |    31 |    73 |       |       ||   195
       Flail             |    20 |    37 |    73 |       |       ||   130
       Dire flail        |       |       |   143 |   503 |   839 ||  1485
 Fire: Hunting sling     |       |     2 |       |       |       ||     2
Throw: Boomerang         |       |       |    25 |    15 |    86 ||   126
       Dart              |       |       |    14 |    13 |     8 ||    35
Invok: Berserk           |     3 |     2 |     4 |     5 |     5 ||    19
       Trog's Hand       |     3 |     1 |     7 |    11 |    22 ||    44
Evoke: Wand              |       |       |       |       |     1 ||     1
  Use: Scroll            |     1 |     1 |    11 |    10 |     5 ||    28
       Potion            |       |       |     2 |       |     3 ||     5
 Stab: Sleeping          |       |     1 |       |       |       ||     1
       Petrified         |       |       |       |       |     8 ||     8
Armor: Animal skin       |    35 |    22 |    28 |       |       ||    85
       Robe              |       |       |    17 |       |       ||    17
       Acid dragon scale |       |       |     6 |   136 |   177 ||   319
Dodge: Dodged            |    61 |    50 |   136 |   226 |   444 ||   917

Table legend: (Time is in decaauts)
 A = Elapsed time spent in this place.
 B = Non-inter-level travel time spent in this place.
 C = Inter-level travel time spent in this place.
 D = Time resting spent in this place.
 E = Time spent auto-exploring this place.
 F = Levels seen in this place.
 G = Mean time per level.
                   A        B        C        D        E       F      G
               +--------+--------+--------+--------+--------+-----+--------+
         Total |  30341 |  28867 |   1474 |   2625 |  21681 |  24 | 1264.2 |
       Dungeon |  17815 |  16617 |   1198 |   1311 |  12739 |  14 | 1272.5 |
        Temple |      1 |      1 |      0 |      0 |      0 |   1 |    1.0 |
          Lair |  10736 |  10461 |    275 |    714 |   8498 |   6 | 1789.3 |
        Bazaar |    185 |    185 |      0 |      0 |     89 |   1 |  185.0 |
        Bailey |    712 |    712 |      0 |    224 |    208 |   1 |  712.0 |
      Gauntlet |    890 |    890 |      0 |    375 |    146 |   1 |  890.0 |
               +--------+--------+--------+--------+--------+-----+--------+

Top non-repeatable levels by time:
  Lair:6: 2898 daAuts
    D:10: 2322 daAuts
     D:6: 1996 daAuts
     D:4: 1899 daAuts
  Lair:5: 1843 daAuts
  Lair:2: 1707 daAuts
  Lair:4: 1522 daAuts
     D:9: 1477 daAuts
  Lair:1: 1383 daAuts
  Lair:3: 1381 daAuts
     D:3: 1324 daAuts
     D:8: 1321 daAuts
     D:5: 1214 daAuts
    D:12: 1167 daAuts
     D:1: 1145 daAuts
